[ AOE2 MATCH · #483602077 ]
UnrankedJurchens vs Britons
[ REPLAY ANALYSIS · EXTRACTED FROM THE RECORDED GAME ]
Feudal
16:12
Castle
27:07
Imperial
42:04
| APM avg | 18.0 |
| APM peak | 67 |
| eAPM avg | 10.5 |
| Villagers / military | 69 / 72 |
Focus
⚔️ 37.2% · 🌾 62.8%
Genitour ×43 · Unknown (1908) ×27 · Militia ×12 · Unknown (1911) ×11 · Archer ×8 · Fishing Ship ×8
Feudal
14:50
Castle
23:21
Imperial
51:14
| APM avg | 33.9 |
| APM peak | 80 |
| eAPM avg | 20.0 |
| Villagers / military | 87 / 93 |
Focus
⚔️ 26.3% · 🌾 73.7%
Skirmisher ×69 · Fishing Ship ×18 · Monk ×8 · Conquistador ×8 · Trade Cart ×6 · Knight ×5
Feudal
15:47
Castle
25:47
Imperial
43:52
| APM avg | 30.8 |
| APM peak | 65 |
| eAPM avg | 12.3 |
| Villagers / military | 109 / 238 |
Focus
⚔️ 32.5% · 🌾 67.5%
Skirmisher ×92 · Spearman ×57 · Fishing Ship ×54 · Scout Cavalry ×40 · Archer ×26 · Fire Galley ×13
Feudal
15:43
Castle
20:24
Imperial
40:54
| APM avg | 16.4 |
| APM peak | 58 |
| eAPM avg | 8.2 |
| Villagers / military | 49 / 164 |
Focus
⚔️ 26.6% · 🌾 73.4%
Knight ×98 · Scout Cavalry ×51 · Demolition Raft ×14 · Fishing Ship ×12 · Trade Cog ×10 · Monk ×1
Feudal
16:22
Castle
20:38
Imperial
42:20
| APM avg | 19.4 |
| APM peak | 55 |
| eAPM avg | 14.2 |
| Villagers / military | 121 / 154 |
Focus
⚔️ 19.1% · 🌾 80.9%
Battle Elephant ×140 · Fishing Ship ×22 · Scout Cavalry ×5 · Monk ×4 · Demolition Raft ×3 · Ballista Elephant ×1
Feudal
14:24
Castle
22:15
Imperial
38:00
| APM avg | 12.8 |
| APM peak | 49 |
| eAPM avg | 8.1 |
| Villagers / military | 101 / 54 |
Focus
⚔️ 23.2% · 🌾 76.8%
War Elephant ×53 · Fishing Ship ×14 · Monk ×1
Feudal
13:17
Castle
18:12
Imperial
45:01
| APM avg | 37.3 |
| APM peak | 107 |
| eAPM avg | 13.6 |
| Villagers / military | 138 / 106 |
Focus
⚔️ 26.2% · 🌾 73.8%
Plumed Archer ×58 · Eagle Scout ×45 · Trade Cog ×12 · Monk ×3
Feudal
20:55
Castle
29:52
Imperial
36:29
| APM avg | 12.7 |
| APM peak | 56 |
| eAPM avg | 7.2 |
| Villagers / military | 63 / 6 |
Focus
⚔️ 9.2% · 🌾 90.8%
Trade Cog ×26 · Fishing Ship ×8 · Rattan Archer ×5 · Trebuchet (Packed) ×1
Match map
Initial resources + every placement click. Lines = walls · curves = elevation contours. ◆ gold · ⬟ stone · ● berries · ✦ relic · ◌ wall gap
Your base· Open — 3t gap
runningelmi's base· ✓ Map-separated
Celtezz's base· ✓ Map-separated
a161216's base· ✓ Map-separated
SupREME's base· Open — 8t gap
rnesto188's base· ✓ Map-separated
DudeOfNowhere's base· ✓ Map-separated
378080739's base· ✓ Map-separated
Smoothed initial terrain · ◌ = detected wall gap · hover for details
Inputs per minute
— MEKOO - - runningelmi
Build order — MEKOO
First 150 of 270 actions detected
| 0:24 | Build | House |
| 1:17 | Build | Mining Camp |
| 1:32 | Build | Town Center |
| 2:02 | Build | House |
| 2:10 | Build | House |
| 3:52 | Create | Villager (Male) |
| 3:52 | Create | Villager (Male) |
| 3:52 | Create | Villager (Male) |
| 3:52 | Create | Villager (Male) |
| 3:52 | Create | Villager (Male) |
| 3:53 | Create | Villager (Male) |
| 5:46 | Build | Mining Camp |
| 6:02 | Create | Villager (Male) |
| 6:02 | Create | Villager (Male) |
| 6:02 | Create | Villager (Male) |
| 6:54 | Build | Mill |
| 7:02 | Create | Villager (Male) |
| 7:02 | Create | Villager (Male) |
| 7:02 | Create | Villager (Male) |
| 7:02 | Create | Villager (Male) |
| 7:02 | Create | Villager (Male) |
| 7:39 | Create | Villager (Male) |
| 7:40 | Create | Villager (Male) |
| 7:40 | Create | Villager (Male) |
| 8:22 | Create | Villager (Male) |
| 8:23 | Create | Villager (Male) |
| 8:23 | Create | Villager (Male) |
| 8:45 | Create | Villager (Male) |
| 8:45 | Create | Villager (Male) |
| 8:46 | Create | Villager (Male) |
| 8:46 | Create | Villager (Male) |
| 9:04 | Build | Dock |
| 9:28 | Build | Farm |
| 9:29 | Build | Farm |
| 9:30 | Build | Farm |
| 9:41 | Build | Farm |
| 9:50 | Create | Villager (Male) |
| 9:51 | Create | Villager (Male) |
| 10:14 | Create | Villager (Male) |
| 10:14 | Create | Villager (Male) |
| 10:15 | Create | Villager (Male) |
| 10:15 | Create | Villager (Male) |
| 10:15 | Create | Villager (Male) |
| 10:25 | Build | House |
| 10:26 | Build | House |
| 10:27 | Build | House |
| 10:28 | Build | House |
| 11:38 | Create | Fishing Ship |
| 11:39 | Create | Fishing Ship |
| 11:39 | Create | Fishing Ship |
| 11:39 | Create | Fishing Ship |
| 11:58 | Build | Farm |
| 12:29 | Build | House |
| 12:30 | Build | House |
| 12:32 | Build | House |
| 13:51 | Build | Barracks |
| 14:02 | Research | Feudal Age |
| 14:28 | Build | Mining Camp |
| 14:56 | Build | Farm |
| 14:57 | Build | Farm |
| 15:09 | Create | Militia |
| 15:09 | Create | Militia |
| 15:09 | Create | Militia |
| 15:09 | Create | Militia |
| 15:09 | Create | Militia |
| 15:10 | Create | Militia |
| 15:37 | Create | Militia |
| 15:37 | Create | Militia |
| 15:45 | Build | Farm |
| 15:48 | Build | Farm |
| 16:10 | Create | Villager (Male) |
| 16:10 | Create | Villager (Male) |
| 16:11 | Create | Villager (Male) |
| 16:12 | Age | Feudal Age |
| 16:25 | Create | Villager (Male) |
| 16:25 | Create | Villager (Male) |
| 16:26 | Create | Villager (Male) |
| 16:30 | Build | Farm |
| 16:36 | Build | Farm |
| 16:43 | Create | Villager (Male) |
| 16:43 | Create | Villager (Male) |
| 16:44 | Create | Villager (Male) |
| 16:44 | Create | Villager (Male) |
| 17:25 | Research | Man-at-Arms (upgrade) |
| 17:55 | Create | Fishing Ship |
| 17:56 | Create | Fishing Ship |
| 17:56 | Create | Fishing Ship |
| 17:56 | Create | Fishing Ship |
| 18:45 | Create | Villager (Male) |
| 18:45 | Create | Villager (Male) |
| 18:46 | Create | Villager (Male) |
| 18:46 | Create | Villager (Male) |
| 18:46 | Create | Villager (Male) |
| 18:46 | Create | Villager (Male) |
| 19:16 | Build | Farm |
| 19:24 | Create | Villager (Male) |
| 19:24 | Create | Villager (Male) |
| 19:24 | Create | Villager (Male) |
| 19:24 | Create | Villager (Male) |
| 19:25 | Create | Villager (Male) |
| 19:51 | Create | Militia |
| 19:51 | Create | Militia |
| 19:51 | Create | Militia |
| 19:51 | Create | Militia |
| 20:40 | Create | Villager (Male) |
| 20:40 | Create | Villager (Male) |
| 20:40 | Create | Villager (Male) |
| 20:40 | Create | Villager (Male) |
| 20:41 | Create | Villager (Male) |
| 22:16 | Build | Farm |
| 22:19 | Build | Farm |
| 22:24 | Build | Farm |
| 22:27 | Build | Farm |
| 23:32 | Build | Blacksmith |
| 23:37 | Build | Market |
| 24:27 | Research | Castle Age |
| 24:55 | Build | Archery Range |
| 25:32 | Create | Skirmisher |
| 25:33 | Create | Skirmisher |
| 25:33 | Create | Skirmisher |
| 25:36 | Create | Archer |
| 25:36 | Create | Archer |
| 25:36 | Create | Archer |
| 25:36 | Create | Archer |
| 26:24 | Create | Archer |
| 26:24 | Create | Archer |
| 26:24 | Create | Archer |
| 26:24 | Create | Archer |
| 27:07 | Age | Castle Age |
| 27:28 | Research | Crossbowman (upgrade) |
| 27:54 | Create | Villager (Male) |
| 27:55 | Create | Villager (Male) |
| 28:16 | Create | Trade Cog |
| 28:16 | Create | Trade Cog |
| 28:17 | Create | Trade Cog |
| 28:17 | Create | Trade Cog |
| 28:17 | Create | Trade Cog |
| 29:24 | Build | Castle |
| 30:05 | Build | House |
| 30:06 | Build | House |
| 30:09 | Build | House |
| 30:10 | Build | House |
| 32:33 | Create | Skirmisher |
| 32:37 | Create | Genitour |
| 32:37 | Create | Genitour |
| 32:37 | Create | Genitour |
| 32:37 | Create | Genitour |
| 32:38 | Create | Genitour |
| 32:38 | Create | Genitour |
| 32:38 | Create | Genitour |
Build order — runningelmi
First 150 of 364 actions detected
| 1:03 | Build | Town Center |
| 2:51 | Create | Villager (Male) |
| 2:51 | Create | Villager (Male) |
| 2:52 | Create | Villager (Male) |
| 2:52 | Create | Villager (Male) |
| 2:56 | Build | House |
| 3:12 | Build | House |
| 4:42 | Research | Loom |
| 5:02 | Create | Villager (Male) |
| 5:02 | Create | Villager (Male) |
| 5:25 | Create | Villager (Male) |
| 5:25 | Create | Villager (Male) |
| 5:26 | Create | Villager (Male) |
| 5:26 | Create | Villager (Male) |
| 5:35 | Create | Villager (Male) |
| 5:36 | Create | Villager (Male) |
| 5:59 | Build | Lumber Camp |
| 7:00 | Create | Villager (Male) |
| 7:00 | Create | Villager (Male) |
| 7:01 | Create | Villager (Male) |
| 7:01 | Create | Villager (Male) |
| 7:26 | Build | House |
| 7:29 | Build | House |
| 8:00 | Build | Mill |
| 8:53 | Build | Dock |
| 9:02 | Create | Villager (Male) |
| 9:02 | Create | Villager (Male) |
| 9:35 | Create | Fishing Ship |
| 9:35 | Create | Fishing Ship |
| 9:44 | Create | Villager (Male) |
| 9:44 | Create | Villager (Male) |
| 10:24 | Build | House |
| 10:25 | Build | House |
| 10:26 | Build | House |
| 11:04 | Create | Fishing Ship |
| 11:04 | Create | Fishing Ship |
| 11:05 | Create | Fishing Ship |
| 11:43 | Build | Farm |
| 11:43 | Build | Farm |
| 11:43 | Build | Farm |
| 11:43 | Build | Farm |
| 11:44 | Build | Farm |
| 11:44 | Build | Farm |
| 12:16 | Build | Mining Camp |
| 12:40 | Research | Feudal Age |
| 13:18 | Create | Fishing Ship |
| 13:18 | Create | Fishing Ship |
| 13:57 | Build | Dock |
| 14:00 | Create | Fishing Ship |
| 14:05 | Build | House |
| 14:07 | Build | House |
| 14:08 | Build | House |
| 14:10 | Build | House |
| 14:25 | Create | Villager (Male) |
| 14:25 | Create | Villager (Male) |
| 14:40 | Create | Fishing Ship |
| 14:40 | Create | Fishing Ship |
| 14:41 | Create | Fishing Ship |
| 14:41 | Create | Fishing Ship |
| 14:41 | Create | Fishing Ship |
| 14:50 | Age | Feudal Age |
| 15:09 | Research | Double-Bit Axe |
| 15:45 | Build | Barracks |
| 15:50 | Research | Gold Mining |
| 16:10 | Build | Mining Camp |
| 16:37 | Build | Stable |
| 17:05 | Research | Tech 906 |
| 17:35 | Create | Fishing Ship |
| 17:35 | Create | Fishing Ship |
| 18:53 | Create | Fishing Ship |
| 18:53 | Create | Fishing Ship |
| 18:53 | Create | Fishing Ship |
| 19:48 | Build | Blacksmith |
| 20:41 | Research | Castle Age |
| 21:16 | Build | Lumber Camp |
| 21:54 | Build | Mining Camp |
| 22:53 | Research | Scale Barding Armor |
| 22:55 | Research | Bloodlines |
| 23:17 | Research | Padded Archer Armor |
| 23:21 | Age | Castle Age |
| 23:29 | Build | Castle |
| 24:13 | Create | Knight |
| 24:14 | Create | Knight |
| 24:14 | Create | Knight |
| 24:23 | Research | Gillnets |
| 24:50 | Research | Chain Barding Armor |
| 24:50 | Research | Forging |
| 25:29 | Create | Conquistador |
| 25:29 | Create | Conquistador |
| 25:30 | Create | Conquistador |
| 25:30 | Create | Conquistador |
| 25:30 | Create | Conquistador |
| 25:39 | Build | Stone Wall |
| 25:48 | Build | University |
| 25:55 | Build | University |
| 26:14 | Build | Town Center |
| 26:47 | Create | Villager (Male) |
| 26:47 | Create | Villager (Male) |
| 26:47 | Create | Villager (Male) |
| 26:48 | Create | Villager (Male) |
| 26:48 | Create | Villager (Male) |
| 26:48 | Create | Villager (Male) |
| 26:48 | Create | Villager (Male) |
| 27:35 | Research | Fortified Wall (upgrade) |
| 28:02 | Build | Stone Wall |
| 28:11 | Create | Villager (Male) |
| 28:12 | Create | Villager (Male) |
| 28:12 | Create | Villager (Male) |
| 28:12 | Create | Villager (Male) |
| 28:30 | Build | Fish Trap |
| 28:30 | Build | Fish Trap |
| 28:31 | Build | Fish Trap |
| 28:31 | Build | Fish Trap |
| 28:32 | Build | Fish Trap |
| 28:33 | Build | Fish Trap |
| 28:33 | Build | Fish Trap |
| 28:42 | Research | Wheelbarrow |
| 29:17 | Create | Villager (Male) |
| 29:17 | Create | Villager (Male) |
| 29:43 | Build | Archery Range |
| 29:44 | Build | Archery Range |
| 29:57 | Create | Villager (Male) |
| 29:57 | Create | Villager (Male) |
| 29:57 | Create | Villager (Male) |
| 29:58 | Create | Villager (Male) |
| 29:58 | Create | Villager (Male) |
| 29:58 | Create | Villager (Male) |
| 30:28 | Research | Elite Skirmisher (upgrade) |
| 30:34 | Create | Villager (Male) |
| 30:34 | Create | Villager (Male) |
| 30:34 | Create | Villager (Male) |
| 30:48 | Build | Fish Trap |
| 30:59 | Research | Leather Archer Armor |
| 32:08 | Create | Knight |
| 32:08 | Create | Knight |
| 32:13 | Build | Farm |
| 32:13 | Build | Farm |
| 32:14 | Build | Farm |
| 32:14 | Build | Farm |
| 32:14 | Build | Farm |
| 32:14 | Build | Farm |
| 32:15 | Build | Farm |
| 32:15 | Build | Farm |
| 32:15 | Build | Farm |
| 32:15 | Build | Farm |
| 32:16 | Build | Farm |
| 32:26 | Research | Horse Collar |
| 32:49 | Create | Skirmisher |
| 32:49 | Create | Skirmisher |
| 32:50 | Create | Skirmisher |
Build order — Celtezz
First 150 of 414 actions detected
| 2:01 | Build | Town Center |
| 3:19 | Build | House |
| 3:28 | Build | House |
| 3:52 | Create | Villager (Male) ×4 |
| 3:52 | Create | Villager (Male) ×4 |
| 4:47 | Create | Villager (Male) |
| 4:47 | Create | Villager (Male) |
| 5:18 | Create | Villager (Male) |
| 5:19 | Create | Villager (Male) |
| 5:25 | Create | Villager (Male) |
| 5:25 | Create | Villager (Male) |
| 5:58 | Create | Villager (Male) |
| 5:59 | Create | Villager (Male) |
| 6:24 | Create | Villager (Male) |
| 6:24 | Create | Villager (Male) |
| 6:44 | Create | Villager (Male) |
| 6:44 | Create | Villager (Male) |
| 7:05 | Build | Dock |
| 7:20 | Build | Lumber Camp |
| 7:25 | Build | Lumber Camp |
| 7:37 | Create | Villager (Male) |
| 7:37 | Create | Villager (Male) |
| 7:38 | Create | Villager (Male) |
| 7:51 | Research | Loom |
| 8:22 | Build | House |
| 8:25 | Build | House |
| 8:30 | Create | Villager (Male) |
| 8:33 | Create | Villager (Male) |
| 8:42 | Create | Villager (Male) |
| 8:43 | Create | Villager (Male) |
| 8:43 | Create | Villager (Male) |
| 8:43 | Create | Villager (Male) |
| 8:44 | Create | Villager (Male) |
| 8:44 | Create | Villager (Male) |
| 9:09 | Create | Villager (Male) |
| 9:09 | Create | Villager (Male) |
| 9:14 | Create | Fishing Ship |
| 9:14 | Create | Fishing Ship |
| 9:27 | Build | Palisade Wall |
| 9:52 | Create | Villager (Male) |
| 9:52 | Create | Villager (Male) |
| 10:00 | Create | Fishing Ship |
| 10:00 | Create | Fishing Ship |
| 10:01 | Create | Fishing Ship |
| 10:34 | Create | Fishing Ship |
| 11:01 | Build | House |
| 11:24 | Create | Fishing Ship |
| 11:24 | Create | Fishing Ship |
| 11:44 | Build | House |
| 12:16 | Create | Villager (Male) |
| 12:16 | Create | Villager (Male) |
| 12:31 | Create | Fishing Ship |
| 12:44 | Build | Mining Camp |
| 13:10 | Create | Fishing Ship |
| 13:37 | Research | Feudal Age |
| 13:56 | Build | Dock |
| 14:13 | Build | Barracks |
| 14:18 | Create | Villager (Male) |
| 14:24 | Build | House |
| 14:26 | Build | House |
| 14:30 | Build | Palisade Wall |
| 14:36 | Build | House |
| 14:37 | Build | House |
| 14:41 | Create | Fishing Ship |
| 15:33 | Build | House |
| 15:45 | Create | Fishing Ship |
| 15:47 | Age | Feudal Age |
| 15:54 | Build | Archery Range |
| 15:59 | Research | Double-Bit Axe |
| 16:10 | Create | Demolition Raft |
| 16:10 | Create | Demolition Raft |
| 16:33 | Create | Militia |
| 16:33 | Create | Militia |
| 16:39 | Research | Gold Mining |
| 16:42 | Create | Villager (Male) |
| 16:42 | Create | Villager (Male) |
| 16:42 | Create | Villager (Male) |
| 16:49 | Create | Demolition Raft |
| 16:49 | Create | Demolition Raft |
| 16:59 | Research | Tech 906 |
| 17:12 | Create | Archer |
| 17:13 | Create | Archer |
| 17:27 | Build | Archery Range |
| 17:32 | Build | Archery Range |
| 17:40 | Create | Villager (Male) |
| 17:40 | Create | Villager (Male) |
| 18:13 | Create | Archer |
| 18:13 | Create | Archer |
| 18:38 | Create | Archer |
| 18:38 | Create | Archer |
| 18:43 | Create | Spearman |
| 19:44 | Build | House |
| 19:54 | Build | House |
| 19:56 | Build | House |
| 20:06 | Build | Watch Tower |
| 20:20 | Create | Fishing Ship |
| 20:20 | Create | Fishing Ship |
| 20:20 | Create | Fishing Ship |
| 20:20 | Create | Fishing Ship |
| 20:27 | Build | Blacksmith |
| 20:40 | Build | House |
| 20:44 | Build | House |
| 21:11 | Build | House |
| 22:19 | Create | Archer |
| 22:31 | Create | Fishing Ship |
| 22:31 | Create | Fishing Ship |
| 22:31 | Create | Fishing Ship |
| 22:32 | Create | Fishing Ship |
| 22:32 | Create | Fishing Ship |
| 22:32 | Create | Fishing Ship |
| 22:32 | Create | Fishing Ship |
| 23:04 | Build | Lumber Camp |
| 23:07 | Research | Castle Age |
| 23:23 | Create | Militia |
| 23:44 | Build | Lumber Camp |
| 24:10 | Create | Archer |
| 24:10 | Create | Archer |
| 24:19 | Research | Fletching |
| 24:22 | Research | Padded Archer Armor |
| 24:30 | Create | Spearman |
| 24:30 | Create | Spearman |
| 24:30 | Create | Spearman |
| 24:31 | Create | Spearman |
| 24:58 | Create | Fishing Ship |
| 24:58 | Create | Fishing Ship |
| 24:58 | Create | Fishing Ship |
| 24:59 | Create | Fishing Ship |
| 25:03 | Create | Fishing Ship |
| 25:03 | Create | Fishing Ship |
| 25:03 | Create | Fishing Ship |
| 25:03 | Create | Fishing Ship |
| 25:04 | Create | Fishing Ship |
| 25:24 | Build | Dock |
| 25:47 | Age | Castle Age |
| 25:52 | Build | Dock |
| 25:56 | Research | Wheelbarrow |
| 25:58 | Research | Bow Saw |
| 26:04 | Research | Gold Shaft Mining |
| 26:37 | Build | Dock |
| 26:42 | Research | Crossbowman (upgrade) |
| 26:42 | Research | Crossbowman (upgrade) |
| 26:56 | Create | Villager (Male) |
| 26:56 | Create | Villager (Male) |
| 26:56 | Create | Villager (Male) |
| 27:00 | Create | Archer |
| 27:00 | Create | Archer |
| 27:01 | Create | Archer |
| 27:01 | Create | Archer |
| 27:01 | Create | Archer |
| 27:01 | Create | Archer |
Build order — a161216
First 150 of 244 actions detected
| 2:35 | Build | Town Center |
| 4:14 | Create | Villager (Male) |
| 4:14 | Create | Villager (Male) |
| 4:14 | Create | Villager (Male) |
| 4:14 | Create | Villager (Male) |
| 4:15 | Create | Villager (Male) |
| 4:20 | Build | House |
| 4:21 | Build | House |
| 5:18 | Build | House |
| 5:19 | Build | House |
| 6:25 | Create | Villager (Male) |
| 6:43 | Build | Dock |
| 7:19 | Create | Villager (Male) |
| 7:19 | Create | Villager (Male) |
| 7:41 | Create | Villager (Male) |
| 7:41 | Create | Villager (Male) |
| 8:06 | Create | Fishing Ship |
| 8:07 | Create | Fishing Ship |
| 8:07 | Create | Fishing Ship |
| 8:14 | Create | Villager (Male) |
| 8:14 | Create | Villager (Male) |
| 8:21 | Create | Villager (Male) |
| 8:53 | Create | Villager (Male) |
| 9:03 | Build | Lumber Camp |
| 9:17 | Create | Villager (Male) |
| 9:36 | Create | Villager (Male) |
| 9:38 | Create | Fishing Ship |
| 9:59 | Create | Fishing Ship |
| 10:14 | Create | Villager (Male) |
| 10:25 | Create | Villager (Male) |
| 10:31 | Build | Mining Camp |
| 10:49 | Build | House |
| 10:52 | Build | House |
| 11:22 | Create | Villager (Male) |
| 11:22 | Create | Villager (Male) |
| 11:53 | Create | Villager (Male) |
| 11:59 | Create | Fishing Ship |
| 12:00 | Create | Fishing Ship |
| 13:33 | Research | Feudal Age |
| 14:31 | Create | Fishing Ship |
| 14:32 | Create | Fishing Ship |
| 14:32 | Create | Fishing Ship |
| 15:43 | Age | Feudal Age |
| 15:55 | Build | Barracks |
| 16:02 | Build | Blacksmith |
| 16:26 | Build | Mill |
| 16:59 | Build | Market |
| 17:38 | Build | Stable |
| 17:44 | Research | Castle Age |
| 17:51 | Research | Double-Bit Axe |
| 18:36 | Build | House |
| 18:37 | Build | House |
| 18:38 | Build | House |
| 18:40 | Build | House |
| 18:48 | Research | Gold Mining |
| 18:59 | Create | Demolition Raft |
| 19:18 | Research | Bloodlines |
| 19:24 | Research | Scale Barding Armor |
| 19:25 | Research | Forging |
| 20:24 | Age | Castle Age |
| 20:27 | Build | Outpost |
| 20:36 | Create | Villager (Male) |
| 20:36 | Create | Villager (Male) |
| 20:37 | Create | Villager (Male) |
| 21:07 | Build | Mill |
| 21:44 | Create | Demolition Raft |
| 21:45 | Create | Demolition Raft |
| 21:57 | Build | Stable |
| 22:02 | Research | Husbandry |
| 22:24 | Create | Fishing Ship |
| 22:24 | Create | Fishing Ship |
| 22:52 | Create | Villager (Male) |
| 22:53 | Create | Villager (Male) |
| 22:53 | Create | Villager (Male) |
| 23:02 | Build | Monastery |
| 23:23 | Build | University |
| 24:07 | Create | Monk |
| 24:22 | Build | Outpost |
| 24:36 | Create | Knight ×5 |
| 24:37 | Create | Knight ×5 |
| 24:37 | Create | Knight ×4 |
| 24:49 | Build | House |
| 24:50 | Build | House |
| 24:52 | Build | House |
| 24:53 | Build | House |
| 24:54 | Build | House |
| 25:58 | Create | Knight ×5 |
| 25:58 | Create | Knight ×5 |
| 27:09 | Build | Lumber Camp |
| 27:14 | Research | Wheelbarrow |
| 27:16 | Create | Villager (Male) |
| 27:17 | Create | Villager (Male) |
| 27:41 | Build | Castle |
| 28:06 | Build | Dock |
| 28:11 | Build | Lumber Camp |
| 28:19 | Build | House |
| 28:20 | Build | House |
| 28:21 | Build | House |
| 28:24 | Build | House |
| 28:59 | Build | Mining Camp |
| 29:27 | Build | Mining Camp |
| 29:33 | Create | Villager (Male) |
| 29:34 | Create | Villager (Male) |
| 29:34 | Create | Villager (Male) |
| 29:35 | Create | Villager (Male) |
| 29:35 | Create | Villager (Male) |
| 30:32 | Build | House |
| 30:33 | Build | House |
| 30:34 | Build | House |
| 30:35 | Build | House |
| 30:45 | Build | House |
| 30:48 | Build | House |
| 30:49 | Build | House |
| 30:51 | Build | House |
| 30:54 | Build | House |
| 30:56 | Build | House |
| 30:57 | Build | House |
| 30:58 | Build | House |
| 31:02 | Build | House |
| 31:04 | Build | House |
| 31:06 | Build | House |
| 31:08 | Build | House |
| 31:10 | Build | House |
| 31:21 | Research | Gold Shaft Mining |
| 31:24 | Research | Stone Mining |
| 31:31 | Research | Bow Saw |
| 31:58 | Create | Villager (Male) |
| 31:58 | Create | Villager (Male) |
| 31:58 | Create | Villager (Male) |
| 32:24 | Build | Fish Trap |
| 32:25 | Build | Fish Trap |
| 32:27 | Build | Fish Trap |
| 32:28 | Build | Fish Trap |
| 32:29 | Build | Fish Trap |
| 32:31 | Build | Fish Trap |
| 32:32 | Build | Fish Trap |
| 32:46 | Build | Farm |
| 32:48 | Create | Villager (Male) |
| 32:48 | Create | Villager (Male) |
| 32:48 | Create | Villager (Male) |
| 32:49 | Create | Villager (Male) |
| 33:34 | Build | Farm |
| 33:35 | Build | Farm |
| 33:51 | Build | Mining Camp |
| 35:06 | Build | Fish Trap |
| 35:09 | Build | Fish Trap |
| 35:57 | Build | Farm |
| 36:00 | Build | Farm |
| 36:04 | Create | Villager (Male) |
| 36:05 | Create | Villager (Male) |
Build order — SupREME
First 150 of 390 actions detected
| 1:38 | Build | Town Center |
| 3:12 | Create | Villager (Male) |
| 3:12 | Create | Villager (Male) |
| 3:13 | Create | Villager (Male) |
| 3:13 | Create | Villager (Male) |
| 3:13 | Create | Villager (Male) |
| 3:13 | Create | Villager (Male) |
| 3:18 | Build | House |
| 3:21 | Build | House |
| 3:26 | Build | House |
| 3:35 | Research | Loom |
| 3:40 | Create | Villager (Male) |
| 3:40 | Create | Villager (Male) |
| 3:41 | Create | Villager (Male) |
| 3:41 | Create | Villager (Male) |
| 3:41 | Create | Villager (Male) |
| 3:41 | Create | Villager (Male) |
| 3:41 | Create | Villager (Male) |
| 4:48 | Create | Villager (Male) |
| 4:49 | Create | Villager (Male) |
| 4:49 | Create | Villager (Male) |
| 5:26 | Build | Lumber Camp |
| 5:30 | Create | Villager (Male) |
| 5:31 | Create | Villager (Male) |
| 5:31 | Create | Villager (Male) |
| 5:31 | Create | Villager (Male) |
| 6:21 | Create | Villager (Male) |
| 6:21 | Create | Villager (Male) |
| 6:22 | Create | Villager (Male) |
| 6:38 | Create | Villager (Male) |
| 6:38 | Create | Villager (Male) |
| 6:38 | Create | Villager (Male) |
| 6:48 | Build | House |
| 6:52 | Build | House |
| 7:29 | Create | Villager (Male) |
| 7:30 | Create | Villager (Male) |
| 7:30 | Create | Villager (Male) |
| 7:30 | Create | Villager (Male) |
| 7:30 | Create | Villager (Male) |
| 7:31 | Create | Villager (Male) |
| 7:31 | Create | Villager (Male) |
| 8:11 | Create | Villager (Male) |
| 8:12 | Create | Villager (Male) |
| 8:12 | Create | Villager (Male) |
| 8:40 | Build | Dock |
| 9:29 | Build | Mill |
| 9:54 | Build | Mill |
| 10:05 | Create | Villager (Male) |
| 10:05 | Create | Villager (Male) |
| 10:05 | Create | Villager (Male) |
| 10:47 | Build | Farm |
| 10:47 | Build | Farm |
| 10:48 | Build | Farm |
| 10:48 | Build | Farm |
| 10:48 | Build | Farm |
| 10:48 | Build | Farm |
| 10:49 | Build | Farm |
| 10:49 | Build | Farm |
| 10:58 | Build | Farm |
| 11:10 | Build | House |
| 11:11 | Build | House |
| 11:27 | Create | Villager (Male) |
| 11:44 | Build | Mining Camp |
| 11:51 | Build | House |
| 12:06 | Create | Fishing Ship |
| 12:07 | Create | Fishing Ship |
| 12:07 | Create | Fishing Ship |
| 12:07 | Create | Fishing Ship |
| 12:13 | Create | Villager (Male) |
| 12:15 | Create | Villager (Male) |
| 12:29 | Create | Fishing Ship |
| 12:29 | Create | Fishing Ship |
| 12:29 | Create | Fishing Ship |
| 12:46 | Build | Farm |
| 12:52 | Create | Villager (Male) |
| 12:52 | Create | Villager (Male) |
| 13:04 | Create | Fishing Ship |
| 13:16 | Build | Farm |
| 13:44 | Create | Fishing Ship |
| 13:45 | Create | Fishing Ship |
| 13:45 | Create | Fishing Ship |
| 14:01 | Build | Farm |
| 14:12 | Research | Feudal Age |
| 14:20 | Build | House |
| 14:21 | Build | House |
| 14:23 | Build | House |
| 14:37 | Build | Farm |
| 14:55 | Create | Fishing Ship |
| 15:43 | Create | Fishing Ship |
| 15:46 | Create | Fishing Ship |
| 16:02 | Build | Mining Camp |
| 16:22 | Age | Feudal Age |
| 16:30 | Research | Double-Bit Axe |
| 16:45 | Create | Demolition Raft |
| 17:33 | Create | Villager (Male) |
| 17:39 | Build | Stable |
| 17:53 | Research | Castle Age |
| 18:02 | Create | Fishing Ship |
| 18:03 | Create | Fishing Ship |
| 18:41 | Research | Horse Collar |
| 18:49 | Research | Tech 906 |
| 18:54 | Research | Tech 906 |
| 18:56 | Create | Fishing Ship |
| 18:56 | Create | Fishing Ship |
| 19:04 | Create | Scout Cavalry |
| 19:04 | Create | Scout Cavalry |
| 19:05 | Create | Scout Cavalry |
| 19:43 | Build | Dock |
| 20:27 | Create | Scout Cavalry |
| 20:29 | Create | Scout Cavalry |
| 20:38 | Age | Castle Age |
| 20:42 | Research | Bow Saw |
| 20:44 | Research | Heavy Plow |
| 21:17 | Build | Town Center |
| 21:22 | Create | Villager (Male) |
| 21:23 | Create | Villager (Male) |
| 21:27 | Build | House |
| 21:34 | Build | House |
| 21:34 | Build | House |
| 21:36 | Build | House |
| 21:37 | Build | House |
| 21:38 | Build | House |
| 21:59 | Build | Farm |
| 22:41 | Create | Villager (Male) |
| 22:42 | Create | Villager (Male) |
| 22:57 | Create | Villager (Male) |
| 22:58 | Create | Villager (Male) |
| 22:58 | Create | Villager (Male) |
| 23:06 | Research | Husbandry |
| 23:33 | Build | Lumber Camp |
| 24:15 | Create | Villager (Male) |
| 24:15 | Create | Villager (Male) |
| 24:15 | Create | Villager (Male) |
| 24:23 | Build | Blacksmith |
| 24:37 | Create | Villager (Male) |
| 24:37 | Create | Villager (Male) |
| 25:02 | Create | Demolition Raft |
| 25:02 | Create | Demolition Raft |
| 25:14 | Build | Farm |
| 26:06 | Create | Villager (Male) |
| 26:06 | Create | Villager (Male) |
| 26:06 | Create | Villager (Male) |
| 26:29 | Create | Fishing Ship |
| 26:29 | Create | Fishing Ship |
| 26:30 | Create | Fishing Ship |
| 26:30 | Create | Fishing Ship |
| 26:52 | Build | Market |
| 27:07 | Build | Monastery |
| 27:11 | Build | Farm |
| 27:23 | Build | Farm |
Build order — rnesto188
First 150 of 313 actions detected
| 1:09 | Build | Town Center |
| 3:21 | Create | Villager (Male) |
| 3:21 | Create | Villager (Male) |
| 3:22 | Create | Villager (Male) |
| 3:22 | Create | Villager (Male) |
| 3:30 | Build | House |
| 3:32 | Build | House |
| 3:34 | Build | House |
| 3:35 | Build | House |
| 5:08 | Create | Villager (Male) |
| 5:08 | Create | Villager (Male) |
| 5:08 | Create | Villager (Male) |
| 5:09 | Research | Loom |
| 5:48 | Create | Villager (Male) |
| 5:48 | Create | Villager (Male) |
| 6:07 | Build | Dock |
| 7:16 | Build | Lumber Camp |
| 7:27 | Create | Villager (Male) |
| 7:27 | Create | Villager (Male) |
| 7:27 | Create | Villager (Male) |
| 8:00 | Create | Fishing Ship |
| 8:36 | Create | Villager (Male) |
| 8:36 | Create | Villager (Male) |
| 8:37 | Create | Villager (Male) |
| 8:37 | Create | Villager (Male) |
| 10:14 | Create | Villager (Male) |
| 10:15 | Create | Villager (Male) |
| 11:20 | Build | Mill |
| 11:33 | Create | Villager (Male) |
| 11:34 | Create | Villager (Male) |
| 12:12 | Research | Feudal Age |
| 12:56 | Build | House |
| 12:57 | Build | House |
| 12:58 | Build | House |
| 13:00 | Build | House |
| 13:01 | Build | House |
| 13:52 | Create | Villager (Male) |
| 13:52 | Create | Villager (Male) |
| 14:09 | Create | Fishing Ship |
| 14:10 | Create | Fishing Ship |
| 14:10 | Create | Fishing Ship |
| 14:24 | Age | Feudal Age |
| 14:58 | Build | Farm |
| 15:00 | Build | Farm |
| 15:01 | Build | Farm |
| 15:03 | Build | Farm |
| 15:04 | Build | Farm |
| 15:06 | Build | Farm |
| 15:15 | Create | Villager (Male) |
| 15:15 | Create | Villager (Male) |
| 15:16 | Create | Villager (Male) |
| 15:20 | Research | Double-Bit Axe |
| 15:33 | Build | Dock |
| 15:58 | Build | Blacksmith |
| 16:05 | Create | Villager (Male) |
| 16:54 | Build | Market |
| 17:02 | Create | Fishing Ship |
| 17:03 | Create | Fishing Ship |
| 18:41 | Create | Villager (Male) |
| 18:42 | Create | Villager (Male) |
| 18:42 | Create | Villager (Male) |
| 18:57 | Build | Mining Camp |
| 19:27 | Research | Tech 906 |
| 19:29 | Create | Fishing Ship |
| 19:30 | Create | Fishing Ship |
| 19:43 | Research | Castle Age |
| 21:04 | Create | Villager (Male) |
| 21:04 | Create | Villager (Male) |
| 21:04 | Create | Villager (Male) |
| 21:12 | Research | Horse Collar |
| 21:37 | Research | Stone Mining |
| 21:39 | Research | Gold Mining |
| 21:49 | Research | Wheelbarrow |
| 21:54 | Research | Town Watch |
| 22:15 | Age | Castle Age |
| 22:34 | Research | Gillnets |
| 22:35 | Create | Fishing Ship |
| 22:36 | Create | Fishing Ship |
| 22:49 | Build | Town Center |
| 23:02 | Create | Villager (Male) |
| 23:02 | Create | Villager (Male) |
| 23:02 | Create | Villager (Male) |
| 23:20 | Build | Monastery |
| 24:07 | Research | Fletching |
| 24:25 | Build | Farm |
| 24:29 | Create | Villager (Male) |
| 24:30 | Create | Villager (Male) |
| 24:30 | Create | Villager (Male) |
| 24:30 | Create | Villager (Male) |
| 24:36 | Create | Monk |
| 24:41 | Build | Farm |
| 24:47 | Create | Villager (Male) |
| 24:48 | Create | Villager (Male) |
| 25:01 | Research | Stone Shaft Mining |
| 25:19 | Create | Fishing Ship |
| 25:20 | Create | Fishing Ship |
| 25:20 | Create | Fishing Ship |
| 25:51 | Create | Villager (Male) |
| 25:53 | Create | Villager (Male) |
| 25:54 | Create | Villager (Male) |
| 25:55 | Create | Villager (Male) |
| 26:05 | Build | House |
| 26:06 | Build | House |
| 26:08 | Build | House |
| 26:10 | Build | House |
| 26:11 | Build | House |
| 26:13 | Build | House |
| 26:22 | Research | Gold Shaft Mining |
| 26:25 | Create | Villager (Male) |
| 26:25 | Create | Villager (Male) |
| 26:35 | Build | Fish Trap |
| 26:51 | Research | Bow Saw |
| 27:06 | Create | Villager (Male) |
| 27:22 | Build | Farm |
| 27:24 | Build | Farm |
| 27:25 | Build | Farm |
| 27:28 | Build | Farm |
| 27:30 | Build | Farm |
| 27:31 | Build | Farm |
| 27:33 | Build | Farm |
| 27:34 | Build | Farm |
| 27:36 | Build | Farm |
| 27:42 | Create | Villager (Male) |
| 27:42 | Create | Villager (Male) |
| 27:42 | Create | Villager (Male) |
| 27:47 | Create | Villager (Male) |
| 27:47 | Create | Villager (Male) |
| 27:48 | Create | Villager (Male) |
| 27:59 | Create | Fishing Ship |
| 28:09 | Build | Fish Trap |
| 28:12 | Build | Fish Trap |
| 28:30 | Build | Castle |
| 28:32 | Research | Bodkin Arrow |
| 29:01 | Build | Mining Camp |
| 29:07 | Create | Villager (Male) |
| 29:07 | Create | Villager (Male) |
| 29:08 | Create | Villager (Male) |
| 29:08 | Create | Villager (Male) |
| 29:28 | Build | Mining Camp |
| 29:49 | Create | Villager (Male) |
| 29:50 | Create | Villager (Male) |
| 29:50 | Create | Villager (Male) |
| 29:50 | Create | Villager (Male) |
| 29:59 | Build | Fish Trap |
| 30:02 | Build | Fish Trap |
| 30:04 | Build | Fish Trap |
| 30:07 | Build | Fish Trap |
| 30:12 | Build | Fish Trap |
| 30:16 | Build | Fish Trap |
| 30:19 | Build | Fish Trap |
Build order — DudeOfNowhere
First 150 of 274 actions detected
| 0:37 | Build | Town Center |
| 2:17 | Build | House |
| 2:21 | Build | House |
| 2:45 | Build | House |
| 2:56 | Create | Villager (Male) ×3 |
| 2:56 | Create | Villager (Male) ×3 |
| 2:56 | Create | Villager (Male) ×3 |
| 3:02 | Research | Loom |
| 3:02 | Create | Villager (Male) ×3 |
| 3:02 | Create | Villager (Male) ×3 |
| 3:02 | Create | Villager (Male) ×3 |
| 4:28 | Create | Villager (Male) |
| 4:29 | Create | Villager (Male) |
| 4:29 | Create | Villager (Male) |
| 5:15 | Create | Villager (Male) |
| 5:15 | Create | Villager (Male) |
| 5:44 | Create | Villager (Male) |
| 5:45 | Create | Villager (Male) |
| 5:45 | Create | Villager (Male) |
| 6:18 | Create | Villager (Male) |
| 6:18 | Create | Villager (Male) |
| 6:18 | Create | Villager (Male) |
| 6:18 | Create | Villager (Male) |
| 6:30 | Create | Villager (Male) |
| 6:30 | Create | Villager (Male) |
| 7:12 | Build | Mill |
| 7:26 | Create | Villager (Male) ×3 |
| 7:26 | Create | Villager (Male) ×3 |
| 8:09 | Build | House |
| 8:32 | Build | Lumber Camp |
| 9:02 | Create | Villager (Male) ×5 |
| 10:50 | Build | Mining Camp |
| 10:55 | Research | Feudal Age |
| 11:15 | Create | Villager (Male) |
| 11:16 | Create | Villager (Male) |
| 11:26 | Build | House |
| 11:44 | Build | Farm |
| 11:44 | Build | Farm |
| 11:44 | Build | Farm |
| 12:40 | Build | Farm |
| 12:41 | Build | Farm |
| 12:41 | Build | Farm |
| 12:41 | Build | Farm |
| 12:43 | Build | Farm |
| 13:17 | Age | Feudal Age |
| 13:25 | Build | Blacksmith |
| 13:59 | Build | Market |
| 14:06 | Create | Villager (Male) |
| 14:38 | Create | Villager (Male) |
| 14:47 | Build | Farm |
| 14:47 | Build | Farm |
| 15:32 | Research | Castle Age |
| 15:56 | Research | Stone Mining |
| 16:13 | Build | House |
| 16:27 | Research | Double-Bit Axe |
| 16:39 | Build | House |
| 17:01 | Create | Villager (Male) |
| 17:23 | Build | House |
| 17:43 | Create | Villager (Male) |
| 18:12 | Age | Castle Age |
| 18:16 | Build | Castle |
| 18:39 | Create | Villager (Male) |
| 19:20 | Research | Bow Saw |
| 19:22 | Research | Gold Mining |
| 19:31 | Build | House |
| 19:32 | Build | House |
| 19:35 | Create | Villager (Male) |
| 19:35 | Create | Villager (Male) |
| 19:46 | Create | Plumed Archer |
| 19:46 | Create | Plumed Archer |
| 19:46 | Create | Plumed Archer |
| 19:58 | Build | Monastery |
| 20:04 | Create | Plumed Archer |
| 20:04 | Create | Plumed Archer |
| 20:04 | Create | Plumed Archer |
| 20:09 | Research | Fletching |
| 20:25 | Research | Wheelbarrow |
| 20:30 | Create | Plumed Archer |
| 20:30 | Create | Plumed Archer |
| 20:31 | Create | Plumed Archer |
| 20:46 | Create | Villager (Male) ×2 |
| 21:13 | Build | Farm |
| 21:14 | Build | Farm |
| 21:14 | Build | Farm |
| 21:14 | Build | Farm |
| 21:36 | Research | Bodkin Arrow |
| 22:06 | Create | Plumed Archer |
| 22:06 | Create | Plumed Archer |
| 22:06 | Create | Plumed Archer |
| 22:06 | Create | Plumed Archer |
| 22:20 | Create | Villager (Male) |
| 22:21 | Create | Villager (Male) |
| 22:30 | Create | Plumed Archer |
| 22:31 | Create | Plumed Archer |
| 22:32 | Create | Plumed Archer |
| 23:06 | Create | Plumed Archer |
| 23:06 | Create | Plumed Archer |
| 23:08 | Create | Villager (Male) |
| 23:36 | Create | Villager (Male) |
| 23:36 | Create | Villager (Male) |
| 23:42 | Build | University |
| 23:53 | Create | Plumed Archer |
| 23:53 | Create | Plumed Archer |
| 23:53 | Create | Plumed Archer |
| 24:39 | Create | Plumed Archer |
| 24:39 | Create | Plumed Archer |
| 24:39 | Create | Villager (Male) ×5 |
| 25:33 | Create | Villager (Male) ×5 |
| 25:37 | Create | Plumed Archer ×5 |
| 25:38 | Create | Plumed Archer ×5 |
| 26:33 | Research | Ballistics |
| 26:34 | Research | Ballistics |
| 26:35 | Create | Villager (Male) ×5 |
| 26:42 | Build | Lumber Camp |
| 26:55 | Create | Monk |
| 27:36 | Create | Plumed Archer ×3 |
| 27:38 | Create | Villager (Male) |
| 27:46 | Build | Farm |
| 27:46 | Build | Farm |
| 27:56 | Build | Farm |
| 28:34 | Build | Dock |
| 28:39 | Build | Dock |
| 28:41 | Create | Plumed Archer ×3 |
| 28:43 | Create | Villager (Male) ×5 |
| 29:33 | Create | Plumed Archer |
| 29:33 | Create | Plumed Archer |
| 29:35 | Create | Villager (Male) ×5 |
| 29:42 | Build | Town Center |
| 29:49 | Build | Barracks |
| 30:08 | Create | Plumed Archer |
| 30:08 | Create | Plumed Archer |
| 30:11 | Create | Villager (Male) ×2 |
| 30:15 | Build | Farm |
| 30:25 | Create | Trade Cog |
| 30:46 | Create | Plumed Archer |
| 30:46 | Create | Plumed Archer |
| 30:47 | Create | Villager (Male) |
| 30:54 | Build | Mining Camp |
| 30:58 | Build | House |
| 30:58 | Build | House |
| 30:59 | Build | House |
| 30:59 | Build | House |
| 31:29 | Create | Villager (Male) ×5 |
| 31:38 | Research | Hand Cart |
| 31:39 | Create | Villager (Male) ×5 |
| 31:57 | Create | Villager (Male) ×5 |
| 32:03 | Create | Plumed Archer ×3 |
| 32:32 | Build | Mining Camp |
| 34:21 | Create | Villager (Male) ×5 |
| 34:26 | Build | Farm |
Build order — 378080739
First 150 of 225 actions detected
| 3:43 | Build | Town Center |
| 3:58 | Build | House |
| 4:00 | Build | House |
| 4:02 | Build | House |
| 5:45 | Create | Villager (Male) |
| 5:46 | Create | Villager (Male) |
| 5:46 | Create | Villager (Male) |
| 6:06 | Create | Villager (Male) |
| 7:16 | Create | Villager (Male) |
| 7:50 | Build | Mill |
| 8:07 | Create | Villager (Male) |
| 8:07 | Create | Villager (Male) |
| 8:07 | Create | Villager (Male) |
| 8:44 | Create | Villager (Male) |
| 9:45 | Create | Villager (Male) |
| 9:45 | Create | Villager (Male) |
| 9:46 | Create | Villager (Male) |
| 10:04 | Research | Loom |
| 10:13 | Create | Villager (Male) |
| 10:13 | Create | Villager (Male) |
| 11:27 | Create | Villager (Male) |
| 11:27 | Create | Villager (Male) |
| 11:50 | Create | Villager (Male) |
| 11:51 | Create | Villager (Male) |
| 12:37 | Build | House |
| 13:15 | Build | House |
| 13:16 | Build | House |
| 13:19 | Build | House |
| 13:36 | Build | Farm |
| 13:38 | Build | Farm |
| 13:40 | Build | Farm |
| 13:41 | Build | Farm |
| 13:43 | Build | Farm |
| 13:45 | Build | Farm |
| 13:47 | Build | Farm |
| 14:07 | Create | Villager (Male) |
| 14:07 | Create | Villager (Male) |
| 14:08 | Create | Villager (Male) |
| 14:41 | Build | Farm |
| 14:43 | Build | Farm |
| 14:52 | Build | Farm |
| 15:04 | Build | Farm |
| 15:22 | Build | Farm |
| 15:33 | Create | Villager (Male) |
| 15:34 | Create | Villager (Male) |
| 15:34 | Create | Villager (Male) |
| 15:34 | Create | Villager (Male) |
| 16:23 | Build | Lumber Camp |
| 16:37 | Create | Villager (Male) |
| 16:49 | Build | Farm |
| 17:14 | Build | Dock |
| 18:21 | Build | Barracks |
| 18:25 | Create | Fishing Ship |
| 18:25 | Create | Fishing Ship |
| 18:45 | Research | Feudal Age |
| 18:54 | Create | Fishing Ship |
| 18:54 | Create | Fishing Ship |
| 19:12 | Create | Villager (Male) |
| 19:32 | Create | Fishing Ship |
| 19:44 | Create | Villager (Male) |
| 19:45 | Create | Villager (Male) |
| 20:00 | Build | Mining Camp |
| 20:10 | Create | Fishing Ship |
| 20:46 | Create | Fishing Ship |
| 20:55 | Age | Feudal Age |
| 21:01 | Create | Villager (Male) |
| 21:20 | Build | Blacksmith |
| 21:33 | Build | House |
| 21:35 | Build | House |
| 21:38 | Build | House |
| 21:39 | Build | House |
| 21:40 | Build | House |
| 21:43 | Build | House |
| 21:48 | Build | House |
| 21:54 | Research | Double-Bit Axe |
| 22:07 | Create | Villager (Male) |
| 22:07 | Create | Villager (Male) |
| 22:17 | Research | Gold Mining |
| 22:18 | Research | Stone Mining |
| 22:25 | Create | Fishing Ship |
| 22:26 | Research | Tech 906 |
| 23:22 | Build | Farm |
| 23:40 | Build | Farm |
| 24:03 | Build | House |
| 24:05 | Build | House |
| 24:07 | Build | House |
| 24:16 | Create | Villager (Male) |
| 24:16 | Create | Villager (Male) |
| 24:17 | Create | Villager (Male) |
| 24:17 | Create | Villager (Male) |
| 24:22 | Build | Farm |
| 24:34 | Build | Farm |
| 24:45 | Build | Farm |
| 24:51 | Create | Villager (Male) |
| 24:52 | Create | Villager (Male) |
| 25:11 | Create | Villager (Male) |
| 25:19 | Build | Farm |
| 25:46 | Build | Farm |
| 26:07 | Build | Market |
| 27:12 | Research | Castle Age |
| 27:39 | Build | Lumber Camp |
| 28:52 | Research | Horse Collar |
| 28:55 | Research | Fletching |
| 28:56 | Research | Padded Archer Armor |
| 29:52 | Age | Castle Age |
| 30:08 | Build | Town Center |
| 30:24 | Build | Castle |
| 30:29 | Create | Villager (Male) |
| 30:29 | Create | Villager (Male) |
| 30:29 | Create | Villager (Male) |
| 30:29 | Create | Villager (Male) |
| 31:46 | Build | Mining Camp |
| 32:02 | Build | Farm |
| 32:27 | Research | Wheelbarrow |
| 32:29 | Create | Villager (Male) |
| 32:30 | Create | Villager (Male) |
| 32:30 | Create | Villager (Male) |
| 32:30 | Create | Villager (Male) |
| 32:43 | Research | Stone Shaft Mining |
| 32:54 | Research | Imperial Age |
| 33:02 | Create | Villager (Male) |
| 33:03 | Create | Villager (Male) |
| 33:03 | Create | Villager (Male) |
| 33:04 | Create | Villager (Male) |
| 33:15 | Build | House |
| 33:17 | Build | House |
| 33:18 | Build | House |
| 33:27 | Build | House |
| 33:30 | Build | House |
| 33:31 | Build | House |
| 33:44 | Build | Lumber Camp |
| 34:16 | Research | Squires |
| 34:42 | Create | Trade Cog |
| 34:43 | Create | Trade Cog |
| 34:44 | Create | Trade Cog |
| 34:44 | Create | Trade Cog |
| 34:45 | Create | Trade Cog |
| 34:45 | Create | Trade Cog |
| 34:45 | Create | Trade Cog |
| 35:59 | Research | Bodkin Arrow |
| 36:00 | Research | Leather Archer Armor |
| 36:28 | Create | Trade Cog |
| 36:29 | Age | Imperial Age |
| 36:30 | Create | Trade Cog |
| 36:40 | Build | Farm |
| 36:42 | Build | Farm |
| 36:44 | Build | Farm |
| 36:45 | Build | Farm |
| 36:48 | Build | Farm |
| 36:50 | Build | Farm |
Match timeline
| 6:07 | rnesto188 · first_building Dock |
| 6:43 | a161216 · first_building Dock |
| 7:05 | Celtezz · first_building Dock |
| 8:40 | SupREME · first_building Dock |
| 8:53 | runningelmi · first_building Dock |
| 9:04 | MEKOO · first_building Dock |
| 9:27 | Celtezz · wall_segment Palisade Wall x3 |
| 13:17 | DudeOfNowhere · age_up feudal |
| 13:51 | MEKOO · first_building Barracks |
| 14:13 | Celtezz · first_building Barracks |
| 14:24 | rnesto188 · age_up feudal |
| 14:30 | Celtezz · wall_segment Palisade Wall x7 |
| 14:50 | runningelmi · age_up feudal |
| 15:26 | DudeOfNowhere · first_market_sell 100 stone |
| 15:43 | a161216 · age_up feudal |
| 15:45 | runningelmi · first_building Barracks |
| 15:47 | Celtezz · age_up feudal |
| 15:54 | Celtezz · first_building Archery Range |
| 15:55 | a161216 · first_building Barracks |
| 16:12 | MEKOO · age_up feudal |
| 16:22 | SupREME · age_up feudal |
| 16:37 | runningelmi · first_building Stable |
| 17:14 | 378080739 · first_building Dock |
| 17:38 | a161216 · first_building Stable |
| 17:39 | SupREME · first_building Stable |
| 18:12 | DudeOfNowhere · age_up castle |
| 18:16 | DudeOfNowhere · first_building Castle |
| 18:21 | 378080739 · first_building Barracks |
| 19:35 | rnesto188 · first_market_buy 100 food |
| 19:58 | DudeOfNowhere · first_building Monastery |
| 20:24 | a161216 · age_up castle |
| 20:38 | SupREME · age_up castle |
| 20:55 | 378080739 · age_up feudal |
| 22:15 | rnesto188 · age_up castle |
| 23:02 | a161216 · first_building Monastery |
| 23:20 | rnesto188 · first_building Monastery |
| 23:21 | runningelmi · age_up castle |
| 23:29 | runningelmi · first_building Castle |
| 24:55 | MEKOO · first_building Archery Range |
| 25:39 | runningelmi · wall_segment Stone Wall x9 |
| 25:47 | Celtezz · age_up castle |
| 27:07 | MEKOO · age_up castle |
| 27:07 | SupREME · first_building Monastery |
| 27:41 | a161216 · first_building Castle |
| 28:02 | runningelmi · wall_segment Stone Wall x4 |
| 28:30 | rnesto188 · first_building Castle |
| 28:34 | DudeOfNowhere · first_building Dock |
| 29:24 | MEKOO · first_building Castle |
| 29:43 | runningelmi · first_building Archery Range |
| 29:49 | DudeOfNowhere · first_building Barracks |
| 29:52 | 378080739 · age_up castle |
| 30:24 | 378080739 · first_building Castle |
| 30:46 | SupREME · first_building Castle |
| 31:03 | rnesto188 · first_building Barracks |
| 31:30 | SupREME · first_market_sell 100 food |
| 32:10 | rnesto188 · first_building Stable |
| 34:35 | MEKOO · wall_segment Stone Wall x6 |
| 34:53 | DudeOfNowhere · first_building Archery Range |
| 36:21 | 378080739 · first_market_sell 100 food |
| 36:29 | 378080739 · age_up imperial |
| 36:34 | runningelmi · first_building Siege Workshop |
| 37:16 | a161216 · first_market_buy 100 food |
| 37:57 | Celtezz · first_building Castle |
| 38:00 | rnesto188 · age_up imperial |
| 38:32 | MEKOO · first_market_sell 100 food |
| 38:36 | runningelmi · first_building Monastery |
| 38:53 | SupREME · tribute_sent a jugador 1 |
| 38:53 | SupREME · tribute_sent a jugador 2 |
| 38:53 | SupREME · tribute_sent a jugador 3 |
| 38:53 | SupREME · tribute_sent a jugador 5 |
| 38:53 | SupREME · tribute_sent a jugador 6 |
| 38:53 | SupREME · tribute_sent a jugador 7 |
| 38:53 | SupREME · tribute_sent a jugador 8 |
| 39:49 | Celtezz · first_building Monastery |
| 40:54 | a161216 · age_up imperial |
| 41:01 | runningelmi · wall_segment Stone Wall x10 |
| 41:51 | Celtezz · first_building Siege Workshop |
| 42:04 | MEKOO · age_up imperial |
| 42:20 | SupREME · age_up imperial |
| 43:52 | Celtezz · age_up imperial |
| 44:04 | runningelmi · first_market_sell 100 food |
| 44:52 | MEKOO · first_market_buy 100 wood |
| 45:01 | DudeOfNowhere · age_up imperial |
| 45:42 | SupREME · tribute_sent a jugador 1 |
| 45:42 | SupREME · tribute_sent a jugador 2 |
| 45:42 | SupREME · tribute_sent a jugador 3 |
| 45:42 | SupREME · tribute_sent a jugador 5 |
| 45:42 | SupREME · tribute_sent a jugador 6 |
| 45:42 | SupREME · tribute_sent a jugador 7 |
| 45:42 | SupREME · tribute_sent a jugador 8 |
| 48:01 | runningelmi · first_market_buy 100 food |
| 49:07 | SupREME · tribute_sent a jugador 1 |
| 49:07 | SupREME · tribute_sent a jugador 2 |
| 49:07 | SupREME · tribute_sent a jugador 3 |
| 49:07 | SupREME · tribute_sent a jugador 5 |
| 49:07 | SupREME · tribute_sent a jugador 6 |
| 49:07 | SupREME · tribute_sent a jugador 7 |
| 49:07 | SupREME · tribute_sent a jugador 8 |
| 49:26 | Celtezz · first_building Stable |
| 49:50 | DudeOfNowhere · resign |
| 50:09 | a161216 · first_market_sell 500 stone |
| 51:14 | runningelmi · age_up imperial |
[ AI ANALYSIS · 1 CREDIT ]
What really happened in this match?
Wolo.gg analyzes every decision: build order, eco, micro, common mistakes by bracket. Personalized analysis on WhatsApp or Discord in 30 seconds.
Civ guide
Jurchens
Perfil
Jugador #25443621